 Dungeon Crawl Stone Soup version 0.32-a0-411-g744942f433 (webtiles) character file.

Game seed: 13712373399028681155

105 Dittersdorf the Shield-Bearer (level 4, 0/29 HPs)
             Began as a Gargoyle Fighter on Feb 20, 2024.
             Slain by Grinder (2 damage)
             ... while paralysed by Grinder
             ... on level 3 of the Dungeon.
             The game lasted 00:01:46 (1815 turns).

Dittersdorf the Shield-Bearer (Gargoyle Fighter)    Turns: 1815, Time: 00:01:46

Health: 0/29       AC: 11    Str: 22    XL:     4   Next: 81%
Magic:  4/4        EV:  2    Int:  8    God:
Gold:   145        SH:  0    Dex:  9    Spells: 3/3 levels left

rFire   . . .        a - +0 flail
rCold   . . .        p - +0 kite shield
rNeg    + . .        b - +0 scale mail
rPois   ∞            n - +0 helmet
rElec   +            (no cloak)
rCorr   .            (no gloves)
SInv    .            (no boots)
Will    .....        (no amulet) Stlth
                     (no ring)
HPRegen 0.24/turn    (no ring)
MPRegen 0.09/turn

%: no passive effects
@: paralysed
A: sickness immunity, AC +3, negative energy resistance 1, electricity
resistance, torment resistance 1, petrification resistance
a: no special abilities


You were on level 3 of the Dungeon.
You visited 1 branch of the dungeon, and saw 3 of its levels.

You collected 145 gold pieces.

Inventory:

Hand Weapons
 a - a +0 flail (weapon)
Armour
 b - a +0 scale mail (worn)
 n - a +0 helmet (worn)
 p - a +0 kite shield (worn)
Scrolls
 c - a scroll of fog {unknown}
 g - a scroll of brand weapon {unknown}
 h - 6 scrolls of identify {unknown}
 j - a scroll of revelation {unknown}
 k - a scroll of teleportation {unknown}
 m - a scroll of vulnerability {unknown}
 o - a scroll of poison {unknown}
Potions
 d - a potion of might
 e - 2 potions of heal wounds {unknown}
 f - a potion of curing {unknown}
 i - a potion of haste {unknown}
 l - 2 potions of magic {unknown}


   Skills:
 + Level 4.1 Fighting
 + Level 3.0 Maces & Flails
 + Level 4.0 Armour
 + Level 4.1 Shields


You had 3 spell levels left.
You didn't know any spells.
Your spell library was empty.

Dungeon Overview and Level Annotations

Branches:
Dungeon (3/15)

Altars:
The Shining One

Annotations:
D:3 Grinder


Innate Abilities, Weirdness & Mutations

You are immune to sickness and miasma.
Your stone body is resilient. (AC +3)
You are immune to poison.
You resist negative energy. (rN+)
You are resistant to electric shocks. (rElec)
You are resistant to unholy torment.
You are immune to petrification.


Message History

You are too injured to fight recklessly!
You are too injured to fight recklessly!
You are too injured to fight recklessly!
You are too injured to fight recklessly!
You are too injured to fight recklessly!
You are too injured to fight recklessly!
You are too injured to fight recklessly!
You are too injured to fight recklessly!
You are too injured to fight recklessly!
You are too injured to fight recklessly!
You are too injured to fight recklessly!
You are too injured to fight recklessly!
You are too injured to fight recklessly!
You are too injured to fight recklessly!
You are too injured to fight recklessly!
You are too injured to fight recklessly!
You are too injured to fight recklessly!
You closely miss Grinder.
Grinder is moderately wounded.
Grinder completely misses you.
You hit Grinder.
Grinder is moderately wounded.
Grinder hits you.
* * * LOW HITPOINT WARNING * * *
You hit Grinder.
Grinder is moderately wounded.
You block Grinder's attack. Grinder hits you.
* * * LOW HITPOINT WARNING * * *
You writhe in agony.
* * * LOW HITPOINT WARNING * * *
You sock Grinder!
Grinder is heavily wounded.
Grinder gestures at you.
You suddenly lose the ability to move!
Grinder hits you but does no damage. Grinder hits you.
* * * LOW HITPOINT WARNING * * *
You writhe in agony.
You die...
Grinder says, "Hey, I wasn't done torturing you yet!"

.
....................#.
.####.................
..............>......
########..............
#.####)####.#..
#.##.....##.#..
##.#..†....#.#.#
#..#.......#.#.#
#..5@.._.....#.#
#..#.......#.#.#
#..#[......#...# #.
##.....##.#.#
#..####.####.#.#
#............#.#
#..............#
################


You could see Grinder.

Vanquished Creatures
  2 adders (D:2)
  A dart slug (D:3)
  A ribbon worm (D:2)
  2 orcs (D:3)
  4 ball pythons
  4 bats
  4 endoplasms
  2 giant cockroaches
  3 goblins
  3 hobgoblins (D:1)
  2 jackals (D:3)
  9 kobolds
  2 quokkas (D:1)
  2 frilled lizards (D:1)
  4 rats
45 creatures vanquished.

Notes
Turn   | Place    | Note
-------+----------+-------------------------------------------
     0 | D:1      | Dittersdorf the Gargoyle Fighter began the quest for the
                  | Orb.
     0 | D:1      | Reached XP level 1. HP: 14/14 MP: 1/1
   106 | D:1      | Reached XP level 2. HP: 19/19 MP: 2/2
   238 | D:1      | Reached XP level 3. HP: 23/23 MP: 3/3
   885 | D:2      | Reached XP level 4. HP: 29/29 MP: 4/4
  1601 | D:3      | Found a faded altar of an unknown god.
  1742 | D:3      | Found a glowing golden altar of the Shining One.
  1766 | D:3      | Noticed Grinder
  1772 | D:3      | Paralysed by Grinder for 3 turns
  1780 | D:3      | Paralysed by Grinder for 3 turns
  1806 | D:3      | Paralysed by Grinder for 3 turns
  1813 | D:3      | Paralysed by Grinder for 5 turns
  1815 | D:3      | Slain by Grinder

Illustrated notes

Levels and vault maps discovered:
D:1:      mrwooster_arrival_arrow, layout_loops_cross
D:2:      layout_basic
D:3:      layout_rooms, old_standard_altar,
          hellmonk_ecumenical_altar_inner_sanctum, serial_shops, shop,
          serial_curves, eino_curves_04, eino_curves_02, uniq_grinder

Skill      XL: |  1  2  3  4 |
---------------+-------------+-----
Fighting       | 4 |  4.1
Armour         | 4 |  4.0
Shields        | 4 |  4.1
Maces & Flails | 3 |  3.0

Action                     |  1- 3 |  4- 6 || total
---------------------------+-------+-------++-------
  Melee: Flail             |    98 |    89 ||   187
 Armour: Scale mail        |    69 |    74 ||   143
  Dodge: Dodged            |    53 |    32 ||    85
  Block: Buckler           |    22 |     9 ||    31
         Kite shield       |       |    11 ||    11

Table legend: (Time is in decaauts)
 A = Elapsed time spent in this place.
 B = Non-inter-level travel time spent in this place.
 C = Inter-level travel time spent in this place.
 D = Time resting spent in this place.
 E = Time spent auto-exploring this place.
 F = Levels seen in this place.
 G = Mean time per level.
                   A        B        C        D        E       F      G
               +--------+--------+--------+--------+--------+-----+--------+
         Total |   1873 |   1729 |    144 |      0 |   1248 |   3 |  624.3 |
       Dungeon |   1873 |   1729 |    144 |      0 |   1248 |   3 |  624.3 |
               +--------+--------+--------+--------+--------+-----+--------+

Top non-repeatable levels by time:
     D:1: 866 daAuts
     D:2: 646 daAuts
     D:3: 360 daAuts
